 Dungeon Crawl Stone Soup version 0.24-a0-640-ge7cd8ce (webtiles) character file.

Game seed: 8244538093368751902, levelgen mode: deterministic

217 COBRA the Chopper (level 5, 34/41 HPs)
             Began as a Barachi Fighter on Sept 24, 2019.
             Starved to death
             ... on level 4 of the Dungeon.
             The game lasted 00:03:23 (663 turns).

COBRA the Chopper (Barachi Fighter)                  Turns: 663, Time: 00:03:23

Health: 34/41      AC:  6    Str: 22    XL:     5   Next: 94%
Magic:  5/5        EV:  7    Int:  9    God:
Gold:   99         SH:  9    Dex: 12    Spells: 4/4 levels left

rFire    . . .     SeeInvis .   a - +0 war axe
rCold    . . .     Gourm    .   c - +0 shield
rNeg     . . .     Faith    .   b - +0 scale mail
rPois    .         Spirit   +   (no helmet)
rElec    .         Reflect  .   (no cloak)
rCorr    .         Harm     .   (no gloves)
MR       .....                  (no boots)
Stlth    ..........             k - amulet of guardian spirit
HPRegen  0.13/turn              (no ring)
MPRegen  0.09/turn              (no ring)

@: mighty, fainting, slow
A: +LOS, swims, slowness 1, strong legs 1
a: Hop


You were on level 4 of the Dungeon.
You were fainting.

You visited 1 branch of the dungeon, and saw 4 of its levels.

You collected 99 gold pieces.

Inventory:

Hand Weapons
 a - a +0 war axe (weapon)
Armour
 b - a +0 scale mail (worn)
 c - a +0 shield (worn)
Jewellery
 k - an amulet of guardian spirit (around neck)
Scrolls
 e - a scroll of magic mapping
Potions
 h - a potion of invisibility {unknown}
 j - 2 potions of lignification


   Skills:
 - Level 3.6 Fighting
 * Level 6.5 Axes
 - Level 3.6 Armour
 - Level 3.2 Shields


You had 4 spell levels left.
You didn't know any spells.
Your spell library was empty.

Dungeon Overview and Level Annotations

Branches:
Dungeon (4/15)
 Temple: D:4-7

Altars:


Innate Abilities, Weirdness & Mutations

Shadows flee at your approach. (+LOS)
You can swim through water.
You cover ground slowly.
You can hop short distances.


Message History

The adder barely misses you.
The giant cockroach bites you but does no damage.
You can move again.
Unknown command.
Unknown command.
You completely miss the giant cockroach.
You slash the adder! You block the adder's attack.
The giant cockroach bites you but does no damage.
The adder barely misses you.
You hit the giant cockroach.
You kill the giant cockroach!
You miss the adder. The adder bites you but does no damage.
You slash the adder!
You kill the adder!
Found a falchion and 9 gold pieces.
There is a stone staircase leading down here.
You climb downwards.
There is a stone staircase leading up here.
You have starved to death.
You die...

# #. #.
#.# #..
#..####
#...#.#
#...#.#
#...@.#
#.?...#<#
###.#.###
# #. ##


There were no monsters in sight!

Vanquished Creatures
  A hungry ghost (D:3)
  3 adders
  3 oozes (D:1)
  A dart slug (D:1)
  A leopard gecko (D:2)
  3 orcs (D:3)
  A ball python (D:1)
  2 giant cockroaches
  4 goblins
  5 hobgoblins (D:1)
  5 kobolds
  5 bats
  A frilled lizard (D:1)
  4 rats
39 creatures vanquished.

Notes
Turn   | Place    | Note
-------+----------+-------------------------------------------
     0 | D:1      | COBRA the Barachi Fighter began the quest for the Orb.
     0 | D:1      | Reached XP level 1. HP: 18/18 MP: 1/1
   121 | D:1      | Reached skill level 3 in Axes
   121 | D:1      | Reached XP level 2. HP: 22/24 MP: 2/2
   178 | D:1      | Reached XP level 3. HP: 23/29 MP: 3/3
   244 | D:1      | Reached skill level 4 in Axes
   406 | D:2      | Reached XP level 4. HP: 26/36 MP: 4/4
   604 | D:3      | Noticed a hungry ghost
   634 | D:3      | Killed a hungry ghost
   634 | D:3      | Reached skill level 6 in Axes
   634 | D:3      | Reached XP level 5. HP: 33/41 MP: 3/5
   642 | D:3      | Paralysed by fainting for 9 turns
   663 | D:4      | Starved to death

Levels and vault maps discovered:
D:1:      dpeg_chamrin_arrival_tetris, layout_basic, corexii_corridor_pit,
          minmay_misc_feat_doors
D:2:      layout_basic, first_ration, hangedman_decor_points,
          kennysheep_small_spiral, chequers_serial_rivers_marsh, chequers_avenue
D:3:      layout_basic, minitemple, nicolae_ru_path_of_blood,
          uniq_crazy_yiuf_cottage
D:4:      layout_basic, gammafunk_temple_overflow_pools, uniq_pikel

Skill      XL: |  1  2  3  4 |
---------------+-------------+-----
Axes           | 3 4 6 |  6.5
Fighting       | |  3.6
Armour         | |  3.6
Shields        | |  3.2

Action                   |  1- 3 |  4- 6 || total
-------------------------+-------+-------++-------
Melee: War axe           |   100 |    45 ||   145
  Use: Scroll            |     1 |     2 ||     3
       Potion            |       |     1 ||     1
  Eat: Ration            |       |     2 ||     2
Armor: Scale mail        |    83 |    30 ||   113
Dodge: Dodged            |    41 |    14 ||    55
Block: Shield            |    78 |    13 ||    91

Table legend:
 A = Non-vault XP
 B = Vault XP
 C = Vault XP percentage of total XP
 D = Non-vault monster count
 E = Vault monster count
 F = Vault count percentage of total count
                 A         B        C        D         E       F
            +---------+---------+-------+---------+---------+-------
      Total |     310 |       0 |   0.0 |      39 |       0 |   0.0
            +---------+---------+-------+---------+---------+-------
        D:1 |      58 |       0 |   0.0 |      24 |       0 |   0.0
        D:2 |      25 |       0 |   0.0 |       6 |       0 |   0.0
        D:3 |     227 |       0 |   0.0 |       9 |       0 |   0.0
            +---------+---------+-------+---------+---------+-------
